 Dungeon Crawl Stone Soup version 0.31.0-32-g396128a36d (webtiles) character file.

Game seed: 5523266915631084097

321 601d51SH the Grasshopper (level 6, 0/51 HPs)
             Began as a Gnoll Warper on Mar 31, 2024.
             Slain by Grinder (7 damage)
             ... on level 4 of the Dungeon.
             The game lasted 00:05:19 (2651 turns).

601d51SH the Grasshopper (Gnoll Warper)             Turns: 2651, Time: 00:05:20

Health: 0/51       AC: 12    Str: 15    XL:     6   Next: 46%
Magic:  14/14      EV: 18    Int: 13    God:
Gold:   252        SH:  7    Dex: 15    Spells: 15/15 levels left

rFire   . . .        i - +1 whip (vamp)
rCold   + + .        p - +3 buckler of Darkness {Dex+4}
rNeg    . . .        l - +2 leather armour "Dyroukhuufi" {Rampage rC++ rCorr Stlth-}
rPois   .            n - +0 helmet
rElec   .            (no cloak)
rCorr   +            r - +2 pair of gloves {Str+3}
SInv    .            m - +2 pair of boots {rampage}
Will    .....        (no amulet)
Stlth   +            h - +5 ring of evasion
HPRegen 0.28/turn    (no ring)
MPRegen 0.14/turn

%: rampage
@: no status effects
A: fangs 1, strong nose, distributed training
a: no special abilities


You were on level 4 of the Dungeon.
You visited 1 branch of the dungeon, and saw 4 of its levels.

You collected 252 gold pieces.

Inventory:

Hand Weapons
 a - a +0 falchion
 i - a +1 vampiric whip (weapon)
Missiles
 d - 6 darts of dispersal
Armour
 b - a +0 leather armour
 f - a +0 ring mail
 k - a +0 pair of gloves
 l - the +2 leather armour "Dyroukhuufi" (worn) {Rampage rC++ rCorr Stlth-}
   (You found it on level 2 of the Dungeon)

   rC++:      It greatly protects you from cold.
   rCorr:     It protects you from acid and corrosion.
   Rampage:   It bestows one free step when moving towards enemies.
   Stlth-:    It makes you less stealthy.
 m - a +2 pair of boots of rampaging (worn)
 n - a +0 helmet (worn)
 p - the +3 buckler of Darkness (worn) {Dex+4}
   (You found it on level 3 of the Dungeon)

   Dex+4:     It affects your dexterity (+4).
 r - a +2 pair of gloves of strength (worn)
Jewellery
 h - a +5 ring of evasion (left hand)
 o - an amulet of magic regeneration
Scrolls
 c - a scroll of blinking
 e - 3 scrolls of teleportation {unknown}
 j - a scroll of poison {unknown}
 u - a scroll of enchant weapon {unknown}
 v - a scroll of noise {unknown}
 w - 2 scrolls of immolation {unknown}
 y - a scroll of identify {unknown}
Potions
 g - 2 potions of cancellation {unknown}
 s - 2 potions of curing {unknown}
 t - a potion of degeneration {unknown}
 x - a potion of enlightenment {unknown}
 z - a potion of heal wounds {unknown}
 A - a potion of might {unknown}


   Skills:
 + Level 5.0 Fighting
 + Level 2.0 Short Blades
 + Level 5.0 Long Blades
 + Level 2.0 Axes
 + Level 2.0 Maces & Flails
 + Level 2.0 Polearms
 + Level 2.0 Staves
 + Level 2.0 Ranged Weapons
 + Level 3.3 Throwing
 + Level 3.3 Armour
 + Level 5.0 Dodging
 + Level 2.0 Stealth
 + Level 2.0 Shields
 + Level 2.0 Unarmed Combat
 + Level 5.4 Spellcasting
 + Level 1.6 Conjurations
 + Level 1.6 Hexes
 + Level 1.6 Summonings
 + Level 1.6 Necromancy
 + Level 5.7 Translocations
 + Level 1.6 Fire Magic
 + Level 1.6 Ice Magic
 + Level 1.6 Air Magic
 + Level 1.6 Earth Magic
 + Level 1.6 Alchemy
 + Level 2.2 Invocations
 + Level 2.0 Evocations
 + Level 1.8 Shapeshifting


You had 15 spell levels left.
You didn't know any spells.
Your spell library contained the following spells:

 Spells                   Type           Power      Damage    Failure   Level
 Blink                    Tloc           36%        N/A       4%          2
 Lesser Beckoning         Tloc           36%        N/A       4%          2
 Teleport Other           Tloc           18%        N/A       9%          3
 Magic Dart               Conj           28%        1d4       16%         1
 Sting                    Conj/Alch      28%        1d4       16%         1
 Mercury Vapours          Alch/Air       14%        N/A       22%         2
 Searing Ray              Conj           14%        2d5       22%         2
 Manifold Assault         Tloc           18%        N/A       28%         4
 Vhi's Electric Charge    Tloc/Air       26%        N/A       54%         4
 Fulminant Prism          Conj/Alch      3%         3d5       83%         4
 Olgreb's Toxic Radiance  Alch           7%         N/A       83%         4


Dungeon Overview and Level Annotations

Branches:
Dungeon (4/15)
 Temple: D:4-7

Altars:

Annotations:
D:4 Grinder


Innate Abilities, Weirdness & Mutations

You have very sharp teeth.
Your uncanny sense of smell can sniff out nearby items.
Your experience applies equally to all skills.


Message History

Grinder gestures at you. Pain shoots through your body!
* * * LOW HITPOINT WARNING * * *
You hit Grinder but do no damage.
Grinder is severely wounded.
Grinder barely misses you.
Unknown command.
You whack Grinder!
Grinder is severely wounded.
Grinder blinks!
Hit: i) +1 whip (vamp)
Press: ? - help, Dir - move target, f - you, p - Grinder
Okay, then.
Throw: 2 darts (poison)
Press: ? - help, Q - select action, (/) - cycle Shift-Dir - straight line, f/p - Grinder
Aim: Grinder (severely wounded, 55% to hit)
You throw a poisoned dart. The poisoned dart hits Grinder.
Grinder is severely wounded.
Throw: dart (poison)
Press: ? - help, Q - select action, (/) - cycle Shift-Dir - straight line, f/p - Grinder
Aim: Grinder (severely wounded, 55% to hit)
You throw a poisoned dart.
The poisoned dart closely misses Grinder.
You closely miss Grinder.
Grinder is severely wounded.
Grinder hits you.
* * * LOW HITPOINT WARNING * * *
You writhe in agony.
* * * LOW HITPOINT WARNING * * *
You hit Grinder.
Grinder is almost dead.
Grinder hits you but does no damage.
You barely miss Grinder. You bite Grinder.
Grinder is almost dead.
Grinder blinks!
You hit Grinder.
Grinder is almost dead.
Grinder hits you!
You die...
Grinder says, "Hey, I wasn't done torturing you yet!"

#.......# #..........
#.......# #..........
#.......# #..........
#.....(.# #........[.
#.......# #......####
#.......# #......#...
#.......# #......'...
#....(..# #......#...
#....5@.# #......#...
#.......############...
#.....).............###
#...................#
#...................#
#...................#
#...................#
#...................#
#####################


You could see Grinder.

Vanquished Creatures
  2 ogres (D:3)
  A hound (D:3)
  A sleepcap (D:4)
  An iguana (D:4)
  2 adders
  2 ribbon worms
  An orc (D:3)
  3 endoplasms
  5 giant cockroaches
  6 goblins
  3 hobgoblins
  4 quokkas
  6 ball pythons
  3 bats
  2 frilled lizards
  8 kobolds
  2 rats
52 creatures vanquished.

Notes
Turn   | Place    | Note
-------+----------+-------------------------------------------
     0 | D:1      | 601d51SH the Gnoll Warper began the quest for the Orb.
     0 | D:1      | Reached XP level 1. HP: 20/20 MP: 6/6
    65 | D:1      | Found a faded altar of an unknown god.
   224 | D:1      | Reached XP level 2. HP: 26/26 MP: 7/7
   816 | D:2      | Identified the +2 leather armour "Dyroukhuufi" {Rampage
                  | rC++ rCorr Stlth-}
  1008 | D:2      | Reached skill level 5 in Spellcasting
  1008 | D:2      | Reached XP level 3. HP: 31/31 MP: 7/9
  1113 | D:2      | Reached skill level 1 in Invocations
  1509 | D:3      | Identified the +3 buckler of Darkness {Dex+4}
  1559 | D:3      | Reached skill level 1 in Short Blades
  1559 | D:3      | Reached skill level 1 in Axes
  1559 | D:3      | Reached skill level 1 in Maces & Flails
  1559 | D:3      | Reached skill level 1 in Polearms
  1559 | D:3      | Reached skill level 1 in Staves
  1559 | D:3      | Reached skill level 1 in Ranged Weapons
  1559 | D:3      | Reached skill level 1 in Stealth
  1559 | D:3      | Reached skill level 1 in Shields
  1559 | D:3      | Reached skill level 1 in Unarmed Combat
  1559 | D:3      | Reached skill level 1 in Evocations
  1559 | D:3      | Reached skill level 1 in Shapeshifting
  1559 | D:3      | Reached XP level 4. HP: 38/38 MP: 11/11
  1652 | D:3      | Noticed an ogre
  1665 | D:3      | Killed an ogre
  1666 | D:3      | Reached skill level 1 in Conjurations
  1666 | D:3      | Reached skill level 1 in Hexes
  1666 | D:3      | Reached skill level 1 in Summonings
  1666 | D:3      | Reached skill level 1 in Necromancy
  1666 | D:3      | Reached skill level 1 in Fire Magic
  1666 | D:3      | Reached skill level 1 in Ice Magic
  1666 | D:3      | Reached skill level 1 in Air Magic
  1666 | D:3      | Reached skill level 1 in Earth Magic
  1666 | D:3      | Reached skill level 1 in Alchemy
  1666 | D:3      | Reached XP level 5. HP: 21/43 MP: 12/12
  1766 | D:3      | Noticed an ogre
  1774 | D:3      | Killed an ogre
  1775 | D:3      | Reached XP level 6. HP: 15/50 MP: 14/14
  2222 | D:4      | Reached skill level 5 in Fighting
  2222 | D:4      | Reached skill level 5 in Long Blades
  2222 | D:4      | Reached skill level 5 in Dodging
  2574 | D:4      | Noticed Grinder
  2578 | D:4      | Paralysed by Grinder for 5 turns
  2597 | D:4      | Paralysed by Grinder for 5 turns
  2606 | D:4      | Paralysed by Grinder for 4 turns
  2617 | D:4      | Paralysed by Grinder for 3 turns
  2651 | D:4      | Slain by Grinder

Illustrated notes

Levels and vault maps discovered:
D:1:      spicycebolla_arrival_xxxplode, layout_rooms,
          ebering_ecumenical_altar_hall
D:2:      layout_loops_corners
D:3:      layout_rooms
D:4:      layout_gridville, uniq_grinder

Skill      XL: |  1  2  3  4  5  6 |
---------------+-------------------+-----
Spellcasting   | 5 |  5.4
Invocations    | 1 2 |  2.2
Short Blades   | 1 2 |  2.0
Axes           | 1 2 |  2.0
Maces & Flails | 1 2 |  2.0
Polearms       | 1 2 |  2.0
Staves         | 1 2 |  2.0
Ranged Weapons | 1 2 |  2.0
Stealth        | 1 2 |  2.0
Shields        | 1 2 |  2.0
Unarmed Combat | 1 2 |  2.0
Evocations     | 1 2 |  2.0
Shapeshifting  | 1 |  1.8
Throwing       | 3 |  3.3
Armour         | 3 |  3.3
Conjurations   | 1 |  1.6
Hexes          | 1 |  1.6
Summonings     | 1 |  1.6
Necromancy     | 1 |  1.6
Fire Magic     | 1 |  1.6
Ice Magic      | 1 |  1.6
Air Magic      | 1 |  1.6
Earth Magic    | 1 |  1.6
Alchemy        | 1 |  1.6
Fighting       | 5 |  5.0
Long Blades    | 5 |  5.0
Dodging        | 5 |  5.0
Translocations | |  5.7

Action                     |  1- 3 |  4- 6 || total
---------------------------+-------+-------++-------
  Melee: Falchion          |    39 |       ||    39
         Bite              |     9 |    24 ||    33
         Whip              |    48 |   188 ||   236
  Throw: Dart              |       |     3 ||     3
   Stab: Sleeping          |     1 |       ||     1
 Armour: Ring mail         |    21 |       ||    21
         Leather armour    |    22 |    80 ||   102
  Dodge: Dodged            |    63 |   145 ||   208
  Block: Buckler           |     4 |    92 ||    96
